Map: Opérations galactiques EC

Players

zidar - Winner!

  • Race: Zerg Zerg
  • League: Platinum
  • Spawn Location: 7:00

antone

  • Race: Terran Terran
  • League: Platinum
  • Spawn Location: 1:00

VOD

Have the link to the VOD?

Description

Time

  • Played on: Nov. 18, 2016, 11:40 a.m.
  • Length: 5:25
Show
View Real Time Build Order
Export as new Build Order

zidar Zerg - Winner!

Build Orders: Hatch First 

Get SALT Encoding   

  12  0:01  Drone  
  13  0:12  Overlord  
  13  0:17  Drone  
  14  0:31  Drone x2  
  16  0:50  Hatchery  
  16  0:53  Drone  
  16  0:56  Extractor  
  15  0:59  Drone  
  16  1:18  Spawning Pool  
  16  1:20  Drone  
  16  1:29  Drone  
  16  1:30  Drone  
  18  1:34  Drone  
  19  2:05  Metabolic Boost  
  19  2:08  Zergling x8  
  22  2:20  Extractor  
  22  2:22  Queen x2  
  23  2:27  Drone  
  23  2:28  Drone  
  27  2:38  Drone  
  28  2:56  Overlord  
  28  2:57  Overlord x2  
  27  3:22  Zergling x10  
  32  3:33  Baneling Nest  
  31  3:36  Zergling x4  
  31  3:37  Zergling x8  
  37  3:51  Roach Warren  
  37  3:52  Drone x2  
  27  4:48  Zergling x18  
  33  5:02  Zergling x8  
Show
View Real Time Build Order
Export as new Build Order

antone Terran 

Build Orders:  

Get SALT Encoding   

  12  0:00  SCV  
  13  0:12  SCV  
  14  0:18  Supply Depot  
  14  0:25  SCV  
  15  0:41  Barracks  
  16  0:42  SCV  
  16  0:54  SCV  
  17  1:00  Refinery  
  17  1:07  SCV  
  18  1:32  Command Center  
  18  1:33  SCV  
  18  1:35  Supply Depot  
  18  1:39  Marine  
  20  1:45  SCV  
  21  1:57  Marine, Barracks  
  21  2:12  SCV  
  21  2:15  Marine  
  23  2:20  Factory  
  23  2:24  SCV  
  24  2:33  Marine  
  24  2:36  SCV, Supply Depot  
  26  2:44  Marine  
  26  2:50  Marine  
  26  2:51  Refinery  
  28  2:56  SCV  
  28  2:57  SCV  
  30  3:03  Marine  
  31  3:06  Factory Reactor  
  31  3:08  Marine  
  30  3:21  Marine, SCV  
  30  3:26  Marine  
  33  3:31  Supply Depot  
  33  3:33  SCV  
  35  3:34  SCV  
  35  3:39  Marine  
  36  3:44  Marine  
  36  3:45  SCV  
  36  3:46  SCV  
  43  3:57  Marine, Widow Mine x2  
  43  4:02  Marine  
  45  4:05  SCV x2  
  31  4:32  Marine x2  
  18  4:49  Marine  
  18  4:50  Marine  
  12  4:56  SCV  
  11  5:07  Marine  
  11  5:08  SCV  
Tags
 
Add a new tag
Caveats
  • Supply blocks, unpowered buildings, or Contaminate may cause inaccurate times.
  • Supply counts are checked every 10 seconds.